 Dungeon Crawl Stone Soup version 0.28-a0-401-ge240ad9e29 (webtiles) character file.

Game seed: 8023721704144062583

58 ytrimaz the Insei (level 3, 0/28 HPs)
             Began as a Demigod Transmuter on Sept 4, 2021.
             Killed by nerve-wracking pain
             ... invoked by an orc priest
              (7 damage)
             ... on level 2 of the Dungeon.
             The game lasted 00:05:39 (3064 turns).

ytrimaz the Insei (Demigod Transmuter)              Turns: 3064, Time: 00:05:43

Health: 0/28       AC:  2    Str: 11    XL:     3   Next: 51%
Magic:  7/8        EV: 12    Int: 19    God:
Gold:   101        SH:  0    Dex: 14    Spells: 3/6 levels left

rFire   . . .      SeeInvis .     - Unarmed
rCold   + . .      Faith    .   (no shield)
rNeg    . . .      Spirit   .   a - +0 robe
rPois   .          Reflect  .   (helmet currently unavailable)
rElec   .          Harm     .   (no cloak)
rCorr   .          Rampage  .   (no gloves)
Will    .....                   (boots currently unavailable)
Stlth   +.........              (no amulet)
HPRegen 0.09/turn               e - ring of protection from cold
MPRegen 0.11/turn               (no ring)

@: appendages (expiring)
A: horns 2, talons 2, high mp 1, forlorn
a: End Transformation


You were on level 2 of the Dungeon.
You had temporarily grown beastly horns and talons.
You visited 1 branch of the dungeon, and saw 3 of its levels.

You collected 101 gold pieces.

Inventory:

Armour
 a - a +0 robe (worn)
Jewellery
 e - a ring of protection from cold (left hand)
Scrolls
 c - a scroll of identify {unknown}
 d - a scroll of magic mapping {unknown}
 h - a scroll of acquirement {unknown}
 i - a scroll of torment {unknown}
 j - 2 scrolls of holy word {unknown}
Potions
 b - a potion of curing {unknown}
 f - a potion of might {unknown}
 g - 2 potions of heal wounds {unknown}


   Skills:
 * Level 1.5 Fighting
 + Level 2.1 Dodging
 + Level 3.4 Unarmed Combat
 + Level 2.0 Spellcasting
 * Level 2.2 Transmutations


You had 3 spell levels left.
You knew the following spells:

 Your Spells              Type           Power      Damage    Failure   Level
a - Beastly Appendage     Tmut           20%        N/A       7%          1
b - Wereblood             Tmut           10%        N/A       10%         2

Your spell library contained the following spells:

 Spells                   Type           Power      Damage    Failure   Level
 Sting                    Tmut/Pois      24%        1d4       11%         1
 Poisonous Vapours        Pois/Air       2%         N/A       26%         2
 Spider Form              Tmut/Pois      3%         N/A       32%         3
 Gell's Gravitas          Tloc           0%         N/A       45%         3
 Teleport Other           Tloc           1%         N/A       45%         3
 Ice Form                 Ice/Tmut       6%         N/A       71%         4
 Olgreb's Toxic Radiance  Pois           1%         N/A       86%         4
 Dispersal                Tloc           0%         N/A       100%        6


Dungeon Overview and Level Annotations

Branches:
Dungeon (3/15)

Shops:
D:1 :*([


Innate Abilities, Weirdness & Mutations

You have temporarily grown beastly horns and talons.
Your attributes grow dramatically as you level up.
You have an increased reservoir of magic. (+10% MP)
You shall have no god before yourself.


Message History

There is a stone staircase leading down here.
Casting: Beastly Appendage (safe; 7% risk of failure)
Confirm with . or Enter, or press ? or * to list all spells.
You grow a pair of large bovine horns.
Your feet morph into talons.
The orc priest hits you with a +0 flail.
The quokka closely misses you. The orc hits you with a +0 hand axe.
You hit the orc priest but do no damage.
You claw the orc priest.
The orc priest is moderately wounded.
The orc priest closely misses you. The quokka bites you.
The orc barely misses you.
You hit the orc priest.
You claw the orc priest, but do no damage.
The orc priest is heavily wounded.
The quokka closely misses you.
The orc priest hits you with a +0 flail.
The orc closely misses you.
You completely miss the orc priest.
You claw the orc priest, but do no damage.
You headbutt the orc priest.
The orc priest is heavily wounded.
The quokka bites you. The orc priest barely misses you.
The orc closely misses you.
You hit the orc priest but do no damage.
The orc priest is heavily wounded.
The quokka bites you.
* * * LOW HITPOINT WARNING * * *
The orc priest barely misses you. The quokka bites you.
* * * LOW HITPOINT WARNING * * *
You barely miss the orc priest. Your kick misses the orc priest.
The orc priest is heavily wounded.
The orc misses you. The orc priest barely misses you.
The quokka barely misses you.
You hit the orc priest.
You claw the orc priest, but do no damage.
The orc priest is heavily wounded.
The orc barely misses you.
The orc priest calls down the wrath of Beogh upon you.
Pain shoots through your body!
You die...

....# #.#.##..#.#
....# #.#.###.#.#
....# #.#.###.#.#
...#####.#...#.#.#
.......#.###.#.#.#
...........#.#.#.#
.......#.#...#...#
.......#.###...ro#
.........#.'...o@#
.........#.#.....#
.........#.#.....#
#'##.....#.#.....#
..##.....#.#.....###
####...............#
#....###........#
#......#........#
#####.###.#........#


You could see an orc priest, an orc and a quokka.

Vanquished Creatures
  A hound skeleton (D:2)
  A gnoll (D:1)
  A dart slug (D:1)
  2 orcs
  4 ball pythons
  3 bats
  3 endoplasms
  2 goblins
  4 hobgoblins
  2 jackals (D:2)
  A frilled lizard (D:2)
  3 kobolds (D:1)
  A rat (D:2)
28 creatures vanquished.

Notes
Turn   | Place    | Note
-------+----------+-------------------------------------------
     0 | D:1      | ytrimaz the Demigod Transmuter began the quest for the Orb.
     0 | D:1      | Reached XP level 1. HP: 15/15 MP: 5/5
   137 | D:1      | Reached skill level 1 in Fighting
   589 | D:1      | Found Tiloryat's Assorted Antiques.
   947 | D:1      | Found Fepum's Book Boutique.
   954 | D:1      | Reached skill level 3 in Unarmed Combat
   954 | D:1      | Reached XP level 2. HP: 23/23 MP: 7/7
  1238 | D:1      | Found Feezac's Weapon Shoppe.
  1361 | D:1      | Found Astrecef's Armour Shop.
  1649 | D:2      | Learned a level 2 spell: Wereblood
  1861 | D:2      | Reached XP level 3. HP: 14/28 MP: 8/8
  3064 | D:2      | Killed from afar by an orc priest

Illustrated notes

Levels and vault maps discovered:
D:1:      zelgadis_glass_arrival_small, layout_basic, serial_shops, shop,
          nicolae_shop_crystal, nicolae_square_shop, shop
D:2:      layout_basic, serial_park_tiny_2
D:3:      layout_loops_ring, mainiacjoe_overflow_24_doors,
          ebering_ecumenical_altar_box, grunt_ministairs_1, goddamned_bats

Skill      XL: |  1  2 |
---------------+-------+-----
Fighting       | 1 |  1.5
Unarmed Combat | 3 |  3.4
Transmutations | 2 |  2.2
Dodging        | 2 |  2.1
Spellcasting   | 2 |  2.0

Action                   || total
-------------------------++-------
Melee: Unarmed           ||    90
       Kick              ||    10
       Punch             ||     1
       Headbutt          ||     4
 Cast: Beastly Appendage ||     6
       Wereblood         ||     2
 Stab: Sleeping          ||     2
Armor: Robe              ||    16
Dodge: Dodged            ||    66

Table legend: (Time is in decaauts)
 A = Elapsed time spent in this place.
 B = Non-inter-level travel time spent in this place.
 C = Inter-level travel time spent in this place.
 D = Time resting spent in this place.
 E = Time spent auto-exploring this place.
 F = Levels seen in this place.
 G = Mean time per level.
                   A        B        C        D        E       F      G
               +--------+--------+--------+--------+--------+-----+--------+
         Total |   3058 |   2962 |     96 |   1136 |   1500 |   3 | 1019.3 |
       Dungeon |   3058 |   2962 |     96 |   1136 |   1500 |   3 | 1019.3 |
               +--------+--------+--------+--------+--------+-----+--------+

Top non-repeatable levels by time:
     D:1: 1642 daAuts
     D:2: 1393 daAuts
     D:3: 22 daAuts
